 Dungeon Crawl Stone Soup version 0.29.1-14-g9c671dbff4 (webtiles) character file.

Game seed: 14972208876235367582

7 Lazygun the Magician (level 2, 0/21 HPs)
             Began as a Djinni Fire Elementalist on Oct 7, 2022.
             Slain by a quokka (1 damage)
             ... on level 1 of the Dungeon on Feb 15, 2023.
             The game lasted 00:10:59 (644 turns).

Lazygun the Magician (Djinni Fire Elementalist)      Turns: 644, Time: 00:11:00

Health: 0/21       AC:  2    Str:  7    XL:     2   Next: 5%
Gold:   36         EV: 12    Int: 16    God:
                   SH:  0    Dex: 13

rFire   + + .      SeeInvis .   (no weapon)
rCold   x . .      Faith    .   (no shield)
rNeg    . . .      Spirit   .   a - +0 robe
rPois   ∞          Reflect  .   (no helmet)
rElec   .          Harm     .   (no cloak)
rCorr   .          Rampage  .   (no gloves)
Will    .....                   (boots unavailable)
Stlth   ++........              (no amulet)
HPRegen 0.07/turn               (no ring)
MPRegen 0.00/turn               (no ring)

@: flying
A: sickness immunity, fire resistance 2, cold vulnerability 1, float, innate
caster, HP casting, extra vitality 1
a: no special abilities


You were on level 1 of the Dungeon.
You visited 1 branch of the dungeon, and saw 1 of its levels.

You collected 36 gold pieces.

Inventory:

Missiles
 c - 7 stones
Armour
 a - a +0 robe (worn)
Potions
 b - a potion of lignification {unknown}


   Skills:
 + Level 2.4 Dodging
 + Level 1.8 Stealth
 + Level 2.5 Spellcasting


You couldn't memorise any spells.
You knew the following spells:

 Your Spells              Type           Power      Damage    Failure   Level
a - Foxfire               Conj/Fire      40%        2x1d6     7%          1
b - Scorch                Fire           20%        2d6       11%         2
c - Conjure Flame         Conj/Fire      10%        6-21      21%         3
d - Inner Flame           Hex/Fire       10%        N/A       21%         3
e - Flame Wave            Conj/Fire      10%        2d6       56%         4
Your spell library was empty.

Dungeon Overview and Level Annotations

Branches:
Dungeon (1/15)

Altars:


Innate Abilities, Weirdness & Mutations

You are immune to sickness and miasma.
You are immune to poison.
Your flesh is very heat resistant. (rF++)
You are vulnerable to cold. (rC-)
You float through the air rather than walking.
You learn spells naturally, not from books.
Your magical power is your life essence.
You have superior vitality. (+4 MHP)


Message History

You start resting.
A giant cockroach is nearby!
A giant cockroach is nearby!
A giant cockroach is nearby!
You start resting.
HP restored.
You now have 36 gold pieces (gained 10).
You conjure some foxfire!
Your foxfire dissipates!
The foxfire hits the quokka but does no damage.
You conjure some foxfire!
Your foxfire dissipates!
The foxfire hits the quokka but does no damage.
You conjure some foxfire!
The quokka closely misses you.
Your foxfire dissipates!
The foxfire hits the quokka.
The quokka is lightly wounded.
You miscast Foxfire.
You are very lightly contaminated with residual magic.
Nothing appears to happen.
The quokka barely misses you. The quokka bites you.
The quokka attacks as you move away! The quokka bites you.
Saving game... please wait.
Welcome back, Lazygun the Djinni Fire Elementalist.
Press ? for a list of commands and other information.
You closely miss the quokka.
The quokka is lightly wounded.
The quokka bites you.
* * * LOW HITPOINT WARNING * * *
The quokka bites you.
* * * LOW HITPOINT WARNING * * *
Your magical contamination has completely faded away.
You hit the quokka but do no damage.
The quokka is lightly wounded.
The quokka bites you.
* * * LOW HITPOINT WARNING * * *
You closely miss the quokka. The quokka barely misses you.
You hit the quokka.
The quokka is moderately wounded.
The quokka bites you.
You die...

*,+~~~~+....#.#
*.#.###,**
***~~~~#...#..#
*.....,,,,
*~~~~##.#.#.###...#,,,,,
*######.#.#...,...,,,,,,
#....:.#÷#.###.#,,,,^,,
######.........#**,,,,,
##.#.......# *,****
#..........###,***
#.@#...###.....,,*
#.r#...#**.###.*,*
#..#...##...##.*,*
#..............*,*
#.###..#....###*,**
##.###..#.#.#...,,,,
#..)....#.#,..,.,,,,
##.#.##.##.#,*B..,,**
##.###.#.#*.#,*,.#***


You could see a quokka.

Vanquished Creatures
  2 endoplasms (D:1)
  A goblin (D:1)
  A ball python (D:1)
  A bat (D:1)
  A frilled lizard (D:1)
  A rat (D:1)
7 creatures vanquished.

Vanquished Creatures (others)
  14 foxfires (D:1)
14 creatures vanquished.

Grand Total: 21 creatures vanquished

Notes
Turn   | Place    | Note
-------+----------+-------------------------------------------
     0 | D:1      | Lazygun the Djinni Fire Elementalist began the quest for
                  | the Orb.
     0 | D:1      | Lazygun set off with the following spells memorised:
                  | Foxfire, Scorch, Conjure Flame, Inner Flame, Flame Wave.
     0 | D:1      | Reached XP level 1. HP: 15/15 MP: 0/0
   468 | D:1      | Reached XP level 2. HP: 10/21 MP: 0/0
   640 | D:1      | Upgraded the game from 0.29.1-1-gd02db6906a to
                  | 0.29.1-14-g9c671dbff4
   642 | D:1      | HP: 1/21 [quokka (1)]
   644 | D:1      | Slain by a quokka

Illustrated notes

Levels and vault maps discovered:
D:1:      shiori_shiawase, layout_loops_ring, st_stairs_13,
          chequers_serial_rivers_room_b

Action                   || total
-------------------------++-------
Melee: Unarmed           ||     9
 Cast: Foxfire           ||    12
  Use: Scroll            ||     3
Armor: Robe              ||     2
Dodge: Dodged            ||     7
